 Dungeon Crawl Stone Soup version 0.28-a0-816-gb054d885db (webtiles) character file.

Game seed: 7357262494147359609

7 siradein the Ducker (level 1, 0/16 HPs)
             Began as a Demonspawn Gladiator on Nov 8, 2021.
             Constricted to death by a ball python (1 damage)
             ... on level 1 of the Dungeon.
             The game lasted 00:00:47 (411 turns).

siradein the Ducker (Demonspawn Gladiator)           Turns: 411, Time: 00:00:47

Health: 0/16       AC:  4    Str: 14    XL:     1   Next: 91%
Magic:  1/1        EV:  9    Int:  9    God:
Gold:   35         SH:  0    Dex: 14    Spells: 0/0 levels left

rFire   . . .      SeeInvis .   a - +0 trident
rCold   . . .      Faith    .   (no shield)
rNeg    . . .      Spirit   .   b - +0 leather armour
rPois   .          Reflect  .   c - +0 helmet
rElec   .          Harm     .   (no cloak)
rCorr   .          Rampage  .   (no gloves)
Will    .....                   (no boots)
Stlth   +.........              (no amulet)
HPRegen 0.05/turn               (no ring)
MPRegen 0.07/turn               (no ring)

@: constricted
A: no striking features
a: no special abilities


You were on level 1 of the Dungeon.
You visited 1 branch of the dungeon, and saw 1 of its levels.

You collected 35 gold pieces.

Inventory:

Hand Weapons
 a - a +0 trident (weapon)
Missiles
 d - 3 throwing nets (quivered)
Armour
 b - a +0 leather armour (worn)
 c - a +0 helmet (worn)
Scrolls
 e - a scroll of enchant armour {unknown}
 f - a scroll of identify {unknown}
 h - a scroll of enchant weapon {unknown}
Potions
 g - a potion of curing {unknown}


   Skills:
 + Level 2.1 Fighting
 + Level 2.8 Polearms
 + Level 1.9 Throwing
 + Level 2.8 Dodging


You couldn't memorise any spells.
You didn't know any spells.
Your spell library was empty.

Dungeon Overview and Level Annotations

Branches:
Dungeon (1/15)

Altars:


Message History

Things that are here:
a +0 short sword; 5 stones
f - a scroll labelled QAOM LONNA You now have 31 gold pieces (gained 8).
You now have 35 gold pieces (gained 4).
You open the door.
There is an open door here.
g - a sedimented green potion
h - a scroll labelled SIONEH DUESM
Found a stone staircase leading down.
An endoplasm comes into view.
An endoplasm is nearby!
A ball python comes into view.
The endoplasm quivers.
You reach to attack!
You barely miss the endoplasm. The endoplasm freezes you.
You are frozen.
You hit the endoplasm but do no damage. The endoplasm misses you.
You hit the endoplasm but do no damage. The endoplasm freezes you.
You are frozen.
The ball python misses you. The ball python barely misses you.
You are too injured to fight recklessly!
You are too injured to fight recklessly!
You are too injured to fight recklessly!
The ball python bites you. The ball python grabs you.
The ball python constricts you.
You hit the ball python but do no damage.
The ball python bites you.
* * * LOW HITPOINT WARNING * * *
The ball python constricts you.
You hit the ball python.
The ball python is moderately wounded.
The ball python closely misses you. The ball python constricts you.
* * * LOW HITPOINT WARNING * * *
You closely miss the ball python.
The ball python is moderately wounded.
The ball python misses you. The ball python constricts you.
* * * LOW HITPOINT WARNING * * *
The ball python closely misses you. The ball python constricts you.
You die...

#....######.....
#......# ######
#.....## #.....#
###.....#
#.......#
#.#.....#
#.#####.# #@# .#
#S# # #J# #
##.#####.##
#.........#
#####.....#
#.....# #.....#
#.....#


You could see an endoplasm and a ball python.

Vanquished Creatures
  A bat (D:1)
  An endoplasm (D:1)
  A goblin (D:1)
  A kobold (D:1)
  A frilled lizard (D:1)
  2 rats (D:1)
7 creatures vanquished.

Vanquished Creatures (others)
  A plant (D:1)
1 creature vanquished.

Grand Total: 8 creatures vanquished

Notes
Turn   | Place    | Note
-------+----------+-------------------------------------------
     0 | D:1      | siradein the Demonspawn Gladiator began the quest for the
                  | Orb.
     0 | D:1      | Reached XP level 1. HP: 16/16 MP: 1/1
   138 | D:1      | Found a faded altar of an unknown god.
   411 | D:1      | Constricted to death by a ball python

Illustrated notes

Levels and vault maps discovered:
D:1:      dpeg_arrival_houses_and_road, layout_basic,
          shapermc_ecumenical_altar_mp_ritualfount

Action                   || total
-------------------------++-------
Melee: Trident           ||    21
Armor: Leather armour    ||     5
Dodge: Dodged            ||    13

Table legend: (Time is in decaauts)
 A = Elapsed time spent in this place.
 B = Non-inter-level travel time spent in this place.
 C = Inter-level travel time spent in this place.
 D = Time resting spent in this place.
 E = Time spent auto-exploring this place.
 F = Levels seen in this place.
 G = Mean time per level.
                   A        B        C        D        E       F      G
               +--------+--------+--------+--------+--------+-----+--------+
         Total |    414 |    414 |      0 |      0 |    357 |   1 |  414.0 |
       Dungeon |    414 |    414 |      0 |      0 |    357 |   1 |  414.0 |
               +--------+--------+--------+--------+--------+-----+--------+

Top non-repeatable levels by time:
     D:1: 414 daAuts
